 Dungeon Sprint DCSS version 0.21.1-1-g345015f (webtiles) character file.

22604 Gingerlord the Commander (level 12, -25/107 HPs)
             Began as a Demonspawn Fighter on July 8, 2018.
             Was a High Priest of Okawaru.
             Killed from afar by a fire giant (38 damage)
             ... with a bolt of fire
             ... in the Dungeon (Sprint IX: "|||||||||||||||||||||||||||||").
             The game lasted 00:12:19 (2111 turns).

Gingerlord the Commander (Demonspawn Fighter)       Turns: 2111, Time: 00:12:20

Health: -25/107    AC: 35    Str: 16    XL:     12   Next: 64%
Magic:  0/23       EV: 15    Int: 14    God:    Okawaru [*****.]
Gold:   61         SH: 27    Dex: 22    Spells: 11/11 levels left

rFire    . . .     SeeInvis +   u - +4 scimitar (flame)
rCold    + + .     Gourm    .   f - +6 large shield "Cuplul" {rC+ rN+}
rNeg     + + .     Faith    .   w - +8 plate armour of Discretion {rN+ Dex+2}
rPois    +         Spirit   +   (helmet unavailable)
rElec    .         Reflect  .   x - +0 cloak {rPois}
rCorr    .         Harm     .   s - +0 pair of gloves
MR       .....     NoTele   +   t - +1 pair of boots {Fly}
Stlth    ..........             (no amulet)
HPRegen  0.27/turn              p - +3 ring of dexterity
MPRegen  0.18/turn              q - +3 ring of intelligence

@: heroism, flying
A: antennae 3, yellow scales 2, cold resistance 1, magic shield
a: Heroism, Finesse, Renounce Religion, Stop Flying


You were in the Dungeon.
You worshipped Okawaru.
Okawaru was extremely pleased with you.
You were not hungry.

You visited 1 branch You collected 1262 gold pieces.
You spent 1201 gold pieces at shops.

Inventory:

Hand Weapons
 l - the +6 long sword "Kacuzikh" {venom, *Corrode rC+ MR+++ Int+4}
   (Okawaru gifted it to you in the Dungeon)

   It poisons the flesh of those it strikes.
   It affects your intelligence (+4).
   It protects you from cold.
   It affects your resistance to hostile enchantments.
   It may corrode you when you take damage.
 u - a +4 scimitar of flaming (weapon)
Armour
 f - the +6 large shield "Cuplul" (worn) {rC+ rN+}
   (Okawaru gifted it to you in the Dungeon)

   It protects you from cold.
   It protects you from negative energy.
 s - a +0 pair of gloves (worn)
 t - a +1 pair of boots of flying (worn)
 w - the +8 plate armour of Discretion (worn) {rN+ Dex+2}
   (You bought it in a shop in the Dungeon)

   It affects your dexterity (+2).
   It protects you from negative energy.
 x - a +0 cloak of poison resistance (worn)
Jewellery
 p - a +3 ring of dexterity (left hand)
 q - a +3 ring of intelligence (right hand)
 r - an uncursed ring of protection from magic
Wands
 o - a wand of iceblast (8)
Scrolls
 d - 6 scrolls of enchant armour
 g - a scroll of fog
 h - 3 scrolls of identify
 k - 3 scrolls of blinking
 m - 3 scrolls of remove curse
 n - 2 scrolls of amnesia
Potions
 a - a potion of might
 b - 9 potions of heal wounds
 e - a potion of invisibility
 i - 4 potions of magic
 j - 3 potions of berserk rage
 v - 3 potions of curing
 z - a potion of resistance
 A - a potion of agility
Comestibles
 c - 9 rations


   Skills:
 * Level 14.1(19.1) Fighting
 * Level 13.0(18.0) Long Blades
 * Level 13.1(18.1) Armour
 * Level 12.9(17.9) Dodging
 * Level 13.2(18.2) Shields
 + Level 14.6 Invocations


You had 11 spell levels left.
You didn't know any spells.

Dungeon Overview and Level Annotations

Branches:
Dungeon (1/1)

Altars:
Cheibriados
Dithmenos
Elyvilon
Fedhas
Gozag
Hepliaklqana
Kikubaaqudgha
Makhleb
Nemelex Xobeh
Okawaru
Qazlal
Ru
Sif Muna
Trog
Uskayaw
Vehumet
Wu Jian
Xom
Yredelemnul
Zin
The Shining One
Beogh
Jiyva
Lugonu

Shops:
D !%[[


Innate Abilities, Weirdness & Mutations

You have a pair of large antennae on your head. (SInv)
You are mostly covered in yellow scales. (AC +3)
Your flesh is cold resistant. (rC+)
When hurt, damage is shared between your health and your magic reserves.


Message History

Your base Armour skill increases to level 13!
The crimson imp barely misses you.
The fire giant gestures at you while chanting.
The bolt of fire misses you.
The bolt of fire hits the crimson imp.
The crimson imp completely resists.
You closely miss the crimson imp. You block the crimson imp's attack.
You slice the crimson imp!!
You kill the crimson imp!
Okawaru accepts your kill.
You hit the fire giant.
The fire giant is lightly wounded.
The fire giant gestures at you while chanting.
The fireball explodes!
The fireball engulfs you!
* * * LOW HITPOINT WARNING * * *
The fireball engulfs the fire giant.
The fire giant resists.
You slash the fire giant!
The fire giant is moderately wounded.
The fire giant points at you and mumbles some strange words.
The bolt of fire hits you!
You die...

{
▓.▓.▓)▓.▓.▓.▓_▓
▓.▓.▓)▓)▓.▓.▓_▓
{
▓.▓.▓.▓.▓.▓.▓_▓
{
▓.▓.▓.▓.▓.▓.▓_▓
{
▓.▓.▓.▓(▓.▓.▓_▓
{
▓.▓.▓.▓.▓÷▓.▓_▓
{
▓.▓.▓)▓(▓÷▓.▓_▓
{
▓[▓.▓[▓(▓÷▓.▓'▓
{
▓@▓.▓)▓.▓†▓.▓.▓
{
▓C▓.▓)▓.▓†▓.▓.▓
{
▓Q▓.▓.▓.▓†▓.▓|▓
▓*▓.▓.▓.▓.▓.▓)▓
{
{▓C▓.▓∩▓.▓.▓.▓.▓
{
▓.▓.▓.▓)▓.▓.▓.▓
{
▓Z▓.▓∩▓.▓.▓.▓.▓
{
▓.▓.▓)▓(▓.▓.▓.▓
{ ▓.▓∩▓(▓(▓.▓.▓


You could see a fire giant, a tengu reaver, an ettin, a battlesphere and a bat
skeleton.

Vanquished Creatures
  A vampire knight (D)
  A stone giant (D)
  2 dire elephants (D)
  Harold (D)
  2 hydras (D)
  A tengu warrior (D)
  4 two-headed ogres (D)
  5 ogre magi (D)
  Urug (D)
  An unseen horror (D)
  An orc sorcerer (D)
  2 orc knights (D)
  A manticore (D)
  2 ugly things (D)
  Joseph (D)
  6 elephants (D)
  2 spiny frogs (D)
  A rime drake (D)
  2 komodo dragons (D)
  A meliai (D)
  A hornet (D)
  A hippogriff (D)
  A wyvern (D)
  A yak (D)
  2 water moccasins (D)
  2 porcupines (D)
  9 orc warriors (D)
  An ice beast (D)
  5 ogres (D)
  A centaur (D)
  2 crocodiles (D)
  4 bullfrogs (D)
  A killer bee (D)
  2 crimson imps (D)
  A hound (D)
  2 orc priests (D)
  3 orc wizards (D)
  A worker ant (D)
  An adder (D)
  A gnoll (D)
  An adder zombie (D)
  11 orcs (D)
  A bat zombie (D)
  2 goblins (D)
  A hobgoblin (D)
  2 kobolds (D)
98 creatures vanquished.

Notes
Turn   | Place    | Note
-------+----------+-------------------------------------------
     0 | D        | Gingerlord the Demonspawn Fighter began the quest for the Orb.
     0 | D        | Reached XP level 1. HP: 18/18 MP: 1/1
    15 | D        | Reached skill level 1 in Dodging
    29 | D        | Noticed a crimson imp
    29 | D        | Noticed a hound
    42 | D        | Gained mutation: Your flesh is cold resistant. (rC+) [demonic ancestry]
    42 | D        | Reached XP level 2. HP: 18/25 MP: 2/2
    64 | D        | Gained mutation: You have a pair of small antennae on your head. [demonic ancestry]
    64 | D        | Reached XP level 3. HP: 30/31 MP: 3/3
    82 | D        | Reached XP level 4. HP: 34/38 MP: 4/4
    91 | D        | Found a roughly hewn altar of Beogh.
    91 | D        | Found a snail-covered altar of Cheibriados.
    91 | D        | Found a shadowy altar of Dithmenos.
    91 | D        | Found a white marble altar of Elyvilon.
    91 | D        | Found a blossoming altar of Fedhas.
    91 | D        | Found an opulent altar of Gozag.
    92 | D        | Found a hazy altar of Hepliaklqana.
    93 | D        | Found a viscous altar of Jiyva.
    94 | D        | Found an ancient bone altar of Kikubaaqudgha.
    95 | D        | Found a corrupted altar of Lugonu.
    96 | D        | Found a burning altar of Makhleb.
    97 | D        | Found a sparkling altar of Nemelex Xobeh.
    98 | D        | Found an iron altar of Okawaru.
    99 | D        | Found a stormy altar of Qazlal.
   100 | D        | Found a sacrificial altar of Ru.
   101 | D        | Found a deep blue altar of Sif Muna.
   102 | D        | Found a bloodstained altar of Trog.
   103 | D        | Found a hide-covered altar of Uskayaw.
   104 | D        | Found a radiant altar of Vehumet.
   105 | D        | Found an ornate altar of the Wu Jian Council.
   106 | D        | Became a worshipper of Warmaster Okawaru
   107 | D        | Found a shimmering altar of Xom.
   108 | D        | Found a basalt altar of Yredelemnul.
   109 | D        | Found a glowing silver altar of Zin.
   110 | D        | Found a glowing golden altar of the Shining One.
   173 | D        | Noticed an ice beast
   173 | D        | Noticed an orc warrior
   175 | D        | Killed an ice beast
   175 | D        | Reached skill level 5 in Fighting
   175 | D        | Reached skill level 5 in Armour
   175 | D        | Reached skill level 5 in Shields
   175 | D        | Gained mutation: You are partially covered in yellow scales. (AC +2) [demonic ancestry]
   175 | D        | Reached XP level 5. HP: 44/44 MP: 4/7
   191 | D        | Killed an orc warrior
   191 | D        | Reached * piety under Okawaru
   191 | D        | Reached skill level 5 in Long Blades
   191 | D        | Reached skill level 5 in Dodging
   191 | D        | Reached skill level 5 in Invocations
   191 | D        | Reached XP level 6. HP: 29/52 MP: 6/9
   357 | D        | Noticed a hornet
   357 | D        | Noticed a tengu warrior
   357 | D        | Noticed a green ugly thing
   357 | D        | Noticed a manticore
   363 | D        | Killed a hornet
   363 | D        | Reached ** piety under Okawaru
   363 | D        | Reached XP level 7. HP: 43/60 MP: 9/11
   383 | D        | Killed a tengu warrior
   383 | D        | Gained mutation: You are mostly covered in yellow scales. (AC +3) [demonic ancestry]
   383 | D        | Reached XP level 8. HP: 38/68 MP: 10/14
   393 | D        | Killed a green ugly thing
   393 | D        | Reached *** piety under Okawaru
   399 | D        | HP: 2/69 [manticore/volley of spikes (11)]
   724 | D        | Killed a manticore
   724 | D        | Reached **** piety under Okawaru
   728 | D        | Gained mutation: You have a pair of antennae on your head. [demonic ancestry]
   728 | D        | Reached XP level 9. HP: 64/76 MP: 14/16
   891 | D        | Noticed a spiny frog
   901 | D        | Killed a spiny frog
   901 | D        | Reached skill level 10 in Invocations
  1007 | D        | Noticed a komodo dragon
  1007 | D        | Noticed a rime drake
  1007 | D        | Noticed a komodo dragon
  1007 | D        | Noticed a four-headed hydra
  1007 | D        | Noticed a spiny frog
  1019 | D        | Killed a komodo dragon
  1019 | D        | Reached skill level 10 in Fighting
  1024 | D        | Killed a rime drake
  1034 | D        | Killed a komodo dragon
  1034 | D        | Gained mutation: You have a pair of large antennae on your head. (SInv) [demonic ancestry]
  1034 | D        | Reached XP level 10. HP: 66/85 MP: 18/18
  1038 | D        | Killed a one-headed hydra
  1038 | D        | Reached ***** piety under Okawaru
  1043 | D        | Killed a spiny frog
  1045 | D        | Received a gift from Okawaru
  1045 | D        | Reached skill level 10 in Shields
  1056 | D        | Got a fine large shield {god gift}
  1067 | D        | Identified the +6 large shield "Cuplul" {rC+ rN+} (Okawaru gifted it to you in the Dungeon)
  1080 | D        | Noticed an elephant
  1080 | D        | Noticed an elephant
  1080 | D        | Noticed a dire elephant
  1080 | D        | Noticed an elephant
  1080 | D        | Noticed an elephant
  1080 | D        | Noticed a dire elephant
  1086 | D        | Killed an elephant
  1086 | D        | Reached skill level 10 in Armour
  1106 | D        | Killed a dire elephant
  1106 | D        | Reached skill level 10 in Long Blades
  1106 | D        | Reached skill level 10 in Dodging
  1108 | D        | Noticed an elephant
  1127 | D        | Killed a dire elephant
  1135 | D        | Killed an elephant
  1140 | D        | Killed an elephant
  1140 | D        | Reached XP level 11. HP: 41/94 MP: 16/20
  1419 | D        | Noticed Joseph
  1442 | D        | Killed Joseph
  1450 | D        | Noticed Urug
  1473 | D        | Killed Urug
  1592 | D        | Noticed an orc knight
  1592 | D        | Noticed an orc knight
  1594 | D        | Noticed an orc sorcerer
  1597 | D        | Killed an orc knight
  1609 | D        | Killed an orc knight
  1629 | D        | Killed an orc sorcerer
  1679 | D        | Found Hokuelyr's Distillery.
  1679 | D        | Noticed a two-headed ogre
  1679 | D        | Noticed a two-headed ogre
  1679 | D        | Noticed an ogre mage
  1681 | D        | Noticed an ogre mage
  1685 | D        | Killed a two-headed ogre
  1692 | D        | Killed a two-headed ogre
  1699 | D        | Killed an ogre mage
  1712 | D        | Killed an ogre mage
  1718 | D        | Found Ogeorievepp's Food Shoppe.
  1728 | D        | Found Beggauk's Armour Emporium.
  1732 | D        | Found Komoxupt's Armour Shoppe.
  1732 | D        | Noticed a two-headed ogre
  1734 | D        | Noticed an ogre mage
  1735 | D        | Noticed an ogre mage
  1739 | D        | Noticed a two-headed ogre
  1739 | D        | Killed a two-headed ogre
  1739 | D        | Gained mutation: When hurt, damage is shared between your health and your magic reserves. [demonic ancestry]
  1739 | D        | Reached XP level 12. HP: 105/105 MP: 22/22
  1745 | D        | Killed an ogre mage
  1745 | D        | Received a gift from Okawaru
  1752 | D        | Killed an ogre mage
  1758 | D        | Killed a two-headed ogre
  1765 | D        | Got a dazzling long sword {god gift}
  1766 | D        | Identified the +6 long sword "Kacuzikh" {venom, *Corrode rC+ MR+++ Int+4} (Okawaru gifted it to you in the Dungeon)
  1808 | D        | Bought a potion of heal wounds for 65 gold pieces
  1808 | D        | Bought 2 potions of curing for 78 gold pieces
  1808 | D        | Bought a potion of curing for 39 gold pieces
  1812 | D        | Bought the +8 plate armour of Discretion {rN+ Dex+2} for 1019 gold pieces
  1882 | D        | Noticed Harold
  1899 | D        | Killed Harold
  1996 | D        | Noticed a six-headed hydra
  1996 | D        | Noticed an ogre mage
  2015 | D        | Killed a one-headed hydra
  2020 | D        | Noticed a stone giant
  2030 | D        | Noticed a vampire knight
  2033 | D        | Noticed a fire giant
  2033 | D        | Killed an ogre mage
  2045 | D        | Noticed a tengu reaver
  2045 | D        | Received a gift from Okawaru
  2051 | D        | Noticed an ettin
  2066 | D        | Killed a stone giant
  2107 | D        | Killed a vampire knight
  2111 | D        | Killed from afar by a fire giant

Skill      XL: |  1  2  3  4  5  6  7  8  9 10 11 12 |
---------------+-------------------------------------+-----
Long Blades    | 2 3 4 5 6 7 8 9 10 12 13 | 13.0
Armour         | 3 4 5 6 7 8 9 10 12 13 | 13.1
Dodging        | 1 2 3 4 5 6 7 9 10 12 | 12.9
Shields        | 3 4 5 6 7 8 9 10 12 13 | 13.2
Fighting       | 4 5 6 7 8 9 10 11 13 14 | 14.1
Invocations    | 3 5 6 8 9 11 12 13 14 | 14.6

Action                   |  1- 3 |  4- 6 |  7- 9 | 10-12 || total
-------------------------+-------+-------+-------+-------++-------
Melee: Long sword        |    62 |       |       |    15 ||    77
       Scimitar          |       |    27 |    98 |   410 ||   535
Invok: Heroism           |       |       |     2 |     8 ||    10
       Finesse           |       |       |       |     5 ||     5
Evoke: Wand              |       |       |     1 |     1 ||     2
  Use: Potion            |     2 |     2 |     6 |       ||    10
       Scroll            |       |       |       |     3 ||     3
  Eat: Ration            |       |       |     1 |     1 ||     2
Armor: Scale mail        |    32 |       |       |       ||    32
       Plate armour      |       |    12 |    40 |    43 ||    95
Dodge: Dodged            |    17 |     9 |    22 |    47 ||    95
Block: Shield            |    37 |    11 |    47 |     8 ||   103
       Large shield      |       |       |       |   207 ||   207
       Rpst.: Long sword |     7 |       |       |       ||     7
       Scimitar          |       |     4 |     5 |     4 ||    13
